 Dungeon Crawl Stone Soup version 0.30-a0-279-g4b46babb21 (webtiles) character file.

Game seed: 7273800853451670383

429 Sobieck the Chopper (level 6, -4/53 HPs)
             Began as a Ghoul Gladiator on Oct 16, 2022.
             Slain by Edmund
             ... wielding a +1 flail of holy wrath
              (10 damage)
             ... on level 5 of the Dungeon.
             The game lasted 00:06:53 (3772 turns).

Sobieck the Chopper (Ghoul Gladiator)               Turns: 3772, Time: 00:06:53

Health: -4/53      AC: 15    Str: 16 (18) XL:     6   Next: 98%
Magic:  5/5        EV:  7    Int:  3 (5)  God:
Gold:   273        SH:  0    Dex:  6 (10) Spells: 5/5 levels left

rFire   + . .      SeeInvis .    a - +0 war axe {axe}
rCold   + + .      Faith    .    (no shield)
rNeg    + + +      Spirit   .    u - +0 chain mail
rPois   ∞          Reflect  .    c - +0 helmet
rElec   +          Harm     .    (no cloak)
rCorr   +          Rampage  .    (no gloves)
Will    .....                    s - +1 pair of boots of the Past {Fly rN+++}
Stlth   ..........               (no amulet)
HPRegen 0.00/turn                E - +4 ring of protection
MPRegen 0.09/turn                (no ring)

@: brilliant, resistant, flying, inhibited regen
A: claws 1, cold resistance 1, negative energy resistance 3, inhibited
regeneration, torment resistance 2, devour on kill
a: no special abilities


You were on level 5 of the Dungeon.
You visited 1 branch of the dungeon, and saw 5 of its levels.

You collected 273 gold pieces.


Innate Abilities, Weirdness & Mutations

You are immune to poison.
You have sharp fingernails.
Your flesh is cold resistant. (rC+)
You are immune to negative energy. (rN+++)
You do not regenerate when monsters are visible.
You are immune to unholy pain and torment.
You thrive by killing the living.


   Skills:
 + Level 4.6 Fighting
 * Level 5.6 Axes
 - Level 1.7 Throwing
 + Level 1.7 Armour
 - Level 2.6 Dodging


You had 5 spell levels left.
You didn't know any spells.
Your spell library contained the following spells:

 Spells                   Type           Power      Damage    Failure   Level
 Kiss of Death            Conj/Necr      0%         2d5       100%        1
 Ensorcelled Hibernation  Hex/Ice        0%         N/A       100%        2
 Confusing Touch          Hex            0%         N/A       100%        3
 Ozocubu's Armour         Ice            0%         N/A       100%        3
 Anguish                  Hex/Necr       0%         N/A       100%        4
 Dispel Undead            Necr           0%         3d6       100%        4
 Metabolic Englaciation   Hex/Ice        0%         N/A       100%        5
 Simulacrum               Ice/Necr       0%         N/A       100%        6
 Spider Form              Tmut/Pois      Unusable   N/A       N/A         3

Inventory:

Hand Weapons
 a - a +0 war axe (weapon) {axe}
 b - a +0 sling
   (You found it on level 1 of the Dungeon)
 A - a +0 dagger of draining {short}
   (You took it off an orc wizard on level 3 of the Dungeon)
Missiles
 d - a throwing net (quivered) {=f!fthrowing}
 e - a javelin {throwing}
 n - 6 poisoned darts {throwing}
 w - 12 stones {throwing}
 x - a boomerang {throwing}
Armour
 c - a +0 helmet (worn)
 k - a +0 leather armour
 m - a +0 scale mail
   (You found it on level 1 of the Dungeon)
 q - a +0 robe
   (You found it on level 2 of the Dungeon)
 s - the +1 pair of boots of the Past (worn) {Fly rN+++}
   (You found it on level 2 of the Dungeon)

   rN:        It renders you almost immune to negative energy.
   Fly:       It grants you flight.
 u - a +0 chain mail (worn)
   (You took it off Terence on level 3 of the Dungeon)
 v - a +0 scale mail
   (You found it on level 3 of the Dungeon)
 y - a +0 leather armour
   (You took it off an orc on level 3 of the Dungeon)
 z - a +0 robe
   (You took it off an orc wizard on level 3 of the Dungeon)
 B - a +0 robe
   (You took it off an orc wizard on level 3 of the Dungeon)
 C - a +0 ring mail
   (You took it off an orc on level 3 of the Dungeon)
 F - a +0 leather armour
   (You found it on level 3 of the Dungeon)
 G - a +0 chain mail
   (You found it on level 4 of the Dungeon)
 L - a +0 plate armour
   (You found it on level 4 of the Dungeon)
 O - a +0 tower shield
   (You found it on level 4 of the Dungeon)
Jewellery
 E - a +4 ring of protection (left claw)
   (You found it on level 3 of the Dungeon)
Wands
 K - a wand of roots (9)
   (You took it off an orc on level 4 of the Dungeon)
Scrolls
 f - 3 scrolls of teleportation {unknown}
 g - 2 scrolls of magic mapping {unknown}
 h - a scroll of silence {unknown}
 i - 5 scrolls of identify {unknown}
 j - 3 scrolls of fear {unknown}
 p - 2 scrolls of enchant weapon {unknown}
 D - a scroll of noise {unknown}
 H - a scroll of immolation {unknown}
 J - a scroll of brand weapon {unknown}
Potions
 l - a potion of curing {@q1}
 o - a potion of mutation

Dungeon Overview and Level Annotations

Branches:
Dungeon (5/15) Zot: 26142
 Temple: D:4-7

Altars:
Fedhas
Hepliaklqana
Kikubaaqudgha
Okawaru
Qazlal
Sif Muna
Vehumet
Xom

Annotations:
D:5 Edmund

... .# ### ..
.###..# ..
......# .
.<.....
.#.....#
##....[.#
##.......#
##.@.....#
###..#@....#
##...###...##
#..........#
#.<........#
#..........#
#..........#
##......##.#
##....## #


You could see Edmund (strong).


Message History

The iguana bites you.
You fly upwards.
There is a stone staircase leading down here.
Unknown command.
You hit the iguana but do no damage.
The iguana bites you but does no damage.
You slash the iguana! The iguana bites you!
You barely miss the iguana. The iguana barely misses you.
You hit the iguana. The iguana bites you.
You are too injured to fight recklessly!
You are too injured to fight recklessly!
You are too injured to fight recklessly!
You closely miss the iguana.
The iguana bites you but does no damage.
The iguana bites you!
You hit the iguana but do no damage.
The iguana bites you but does no damage.
You hit the iguana but do no damage. The iguana bites you.
* * * LOW HITPOINT WARNING * * *
Unknown command.
You hit the iguana but do no damage. The iguana completely misses you.
Unknown command.
You closely miss the iguana.
The iguana bites you but does no damage.
The iguana bites you.
* * * LOW HITPOINT WARNING * * *
You hit the iguana but do no damage. The iguana bites you!
* * * LOW HITPOINT WARNING * * *
Unknown command.
Okay, then.
Unknown command.
You slash the iguana!
You kill the iguana!
You feel better.
Unknown command.
You start resting.
There is a stone staircase leading down here.
You see here a +0 tower shield.
O - a +0 tower shield
There is a stone staircase leading down here.
Unknown command.
Unknown command.
Unknown command.
You fly downwards.
There is a stone staircase leading up here.
Unknown command.
Unknown command.
Unknown command.
Found an escape hatch in the ceiling.
Edmund the Younger comes into view.
He is wielding a +1 flail of holy wrath.
Edmund closely misses you.
Danger!
Unknown command.
It was a potion of curing.
You feel better.
Edmund hits you with a +1 flail of holy wrath.
You convulse.
It was a potion of mutation.
You feel extremely strange.
Your body decomposes!
You feel weakened.
Your body decomposes!
You feel clumsy.
Your body decomposes!
You feel clumsy.
Edmund drinks a potion.
Edmund seems to grow stronger.
It was a potion of resistance.
You feel protected. Edmund closely misses you.
Unknown command.
It was a potion of degeneration.
There was something very wrong with that liquid.
You feel weakened.
You feel dopey.
You feel clumsy.
Edmund hits you with a +1 flail of holy wrath!
You convulse!
It was a potion of brilliance.
You feel clever all of a sudden.
Edmund hits you with a +1 flail of holy wrath!
* * * LOW HITPOINT WARNING * * *
You convulse.
* * * LOW HITPOINT WARNING * * *
It was a potion of lignification.
You feel woody for a moment.
Edmund hits you with a +1 flail of holy wrath.
* * * LOW HITPOINT WARNING * * *
You convulse.
* * * LOW HITPOINT WARNING * * *
It was a potion of ambrosia.
You are confused.
You feel invigorated. Edmund completely misses you.
Edmund hits you with a +1 flail of holy wrath!
* * * LOW HITPOINT WARNING * * *
You convulse.
* * * LOW HITPOINT WARNING * * *
You bump into the rock wall.
You feel less invigorated.
You feel less confused. Edmund hits you but does no damage.
Unknown command.
Unknown command.
Unknown command.
Edmund hits you with a +1 flail of holy wrath!
You die...

Skill      XL: |  1  2  3  4  5  6 |
---------------+-------------------+-----
Axes           | 3 4 5 |  5.6
Fighting       | 3 4 |  4.6
Armour         | 1 |  1.7
Throwing       | |  1.7
Dodging        | |  2.6

Action                   |  1- 3 |  4- 6 || total
-------------------------+-------+-------++-------
Melee: War axe           |    73 |   190 ||   263
       Punch             |     3 |     4 ||     7
 Fire: Sling             |    12 |    41 ||    53
Throw: Throwing net      |       |     2 ||     2
  Use: Potion            |       |     7 ||     7
Armor: Leather armour    |    20 |       ||    20
       Scale mail        |    12 |    43 ||    55
       Chain mail        |       |   101 ||   101
Dodge: Dodged            |    74 |    80 ||   154

Levels and vault maps discovered:
D:1:      lightli_arrival_quake, layout_rooms
D:2:      layout_basic, minmay_vboxes
D:3:      layout_loops_corners, nicolae_overflow_hallway_of_the_gods,
          uniq_natasha, uniq_terence
D:4:      layout_cave_pools, mainiacjoe_overflow_chevrons, serial_forest,
          infiniplex_forest_zigzag_2, infiniplex_forest_clump_double,
          infiniplex_forest_end_2, infiniplex_forest_end_1
D:5:      nicolae_cairo_tiling_large_dashed, layout_cave_pods, temple_doors_e,
          uniq_menkaure, uniq_edmund

Notes
Turn   | Place    | Note
-------+----------+-------------------------------------------
     0 | D:1      | Sobieck the Ghoul Gladiator began the quest for the Orb.
     0 | D:1      | Reached XP level 1. HP: 17/17 MP: 0/0
   165 | D:1      | Reached skill level 3 in Axes
   165 | D:1      | Reached XP level 2. HP: 25/25 MP: 1/1
   641 | D:1      | Reached XP level 3. HP: 30/30 MP: 2/2
   814 | D:2      | Reached skill level 3 in Fighting
   855 | D:2      | Reached XP level 4. HP: 35/38 MP: 3/3
   889 | D:2      | Reached skill level 4 in Axes
  1567 | D:2      | Identified the +1 pair of boots of the Past {Fly rN+++}
  1769 | D:3      | Noticed Natasha
  1782 | D:2      | Killed Natasha
  1783 | D:2      | Reached XP level 5. HP: 18/45 MP: 4/4
  1925 | D:3      | Noticed Terence
  1936 | D:3      | Killed Terence
  2367 | D:3      | Reached skill level 4 in Fighting
  2392 | D:3      | Reached skill level 5 in Axes
  2407 | D:3      | Reached XP level 6. HP: 33/52 MP: 5/5
  2675 | D:3      | Found a hazy altar of Hepliaklqana.
  2677 | D:3      | Found an ancient bone altar of Kikubaaqudgha.
  2684 | D:3      | Found a shimmering blue altar of Sif Muna.
  2693 | D:3      | Found a shimmering altar of Xom.
  2696 | D:3      | Found a blossoming altar of Fedhas.
  2699 | D:3      | Found a radiant altar of Vehumet.
  2700 | D:3      | Found a stormy altar of Qazlal.
  2941 | D:4      | Found an iron altar of Okawaru.
  3089 | D:4      | You pick up a book of Winter and begin reading...
  3089 | D:4      | You add the spells Ozocubu's Armour, Metabolic Englaciation
                  | and Simulacrum to your library.
  3127 | D:4      | Reached skill level 1 in Armour
  3254 | D:4      | You pick up a book of Touch and begin reading...
  3254 | D:4      | You add the spells Kiss of Death, Confusing Touch and
                  | Dispel Undead to your library.
  3368 | D:4      | Noticed an ice beast
  3385 | D:4      | Killed an ice beast
  3403 | D:4      | You pick up a book of Dreams and begin reading...
  3403 | D:4      | You add the spells Ensorcelled Hibernation and Anguish to
                  | your library.
  3605 | D:5      | Entered Level 5 of the Dungeon
  3617 | D:4      | HP: 13/53 [iguana (9)]
  3762 | D:5      | Noticed Edmund
  3767 | D:5      | HP: 13/53 [Edmund/+1 flail of holy wrath (1)]
  3768 | D:5      | HP: 5/53 [Edmund/+1 flail of holy wrath (4)]
  3770 | D:5      | HP: 2/53 [Edmund/+1 flail of holy wrath (5)]
  3772 | D:5      | Slain by Edmund

Vanquished Creatures
  An ice beast (D:4)
  A howler monkey (D:4)
  An iguana (D:4)
  Natasha (D:2)
  Terence (D:3)
  2 orc wizards (D:3)
  9 adders
  An ufetubus (D:4)
  3 dart slugs
  A worm (D:2)
  5 orcs
  9 ball pythons
  9 endoplasms
  4 giant cockroaches
  3 goblins (D:2)
  6 hobgoblins
  3 jackals (D:2)
  3 quokkas (D:1)
  6 bats
  3 frilled lizards
  4 kobolds
  6 rats
82 creatures vanquished.

Vanquished Creatures (others)
  3 plants (D:4)
3 creatures vanquished.

Grand Total: 85 creatures vanquished

Table legend:
 A = Non-vault XP
 B = Vault XP
 C = Vault XP percentage of total XP
 D = Non-vault monster count
 E = Vault monster count
 F = Vault count percentage of total count
                 A         B        C        D         E       F
            +---------+---------+-------+---------+---------+-------
      Total |     480 |     133 |  21.7 |      71 |      11 |  13.4
            +---------+---------+-------+---------+---------+-------
        D:1 |      37 |       0 |   0.0 |      22 |       0 |   0.0
        D:2 |      35 |      97 |  73.5 |      12 |      10 |  45.5
        D:3 |     134 |      36 |  21.2 |      22 |       1 |   4.3
        D:4 |     274 |       0 |   0.0 |      15 |       0 |   0.0
            +---------+---------+-------+---------+---------+-------

Illustrated notes

Table legend:
 A = Kills in this place as a percentage of kills in entire the game.
 B = Kills by you in this place as a percentage of kills by you in the entire game.
 C = Kills by friends in this place as a percentage of kills by friends in the entire game.
 D = Other kills in this place as a percentage of other kills in the entire game.
 E = Experience gained in this place as a percentage of experience gained in the entire game.
 F = Experience gained in this place divided by the number of levels of this place that you have seen.
                   A       B       C       D       E      F
               +-------+-------+-------+-------+-------+----------------------
         Total | 100.0 | 100.0 |   N/A |   N/A | 100.0 | 122.6
       Dungeon | 100.0 | 100.0 |   N/A |   N/A | 100.0 | 122.6
               +-------+-------+-------+-------+-------+----------------------

Table legend: (Time is in decaauts)
 A = Elapsed time spent in this place.
 B = Non-inter-level travel time spent in this place.
 C = Inter-level travel time spent in this place.
 D = Time resting spent in this place.
 E = Time spent auto-exploring this place.
 F = Levels seen in this place.
 G = Mean time per level.
                   A        B        C        D        E       F      G
               +--------+--------+--------+--------+--------+-----+--------+
         Total |   3856 |   3730 |    126 |    422 |   2576 |   5 |  771.2 |
       Dungeon |   3856 |   3730 |    126 |    422 |   2576 |   5 |  771.2 |
               +--------+--------+--------+--------+--------+-----+--------+

Top non-repeatable levels by time:
     D:2: 1168 daAuts
     D:3: 1091 daAuts
     D:4: 826 daAuts
     D:1: 753 daAuts
     D:5: 16 daAuts
